Map: Lost and Found LE

Players

Stephano - Winner!

  • Race: Zerg Zerg
  • Spawn Location: 1:00

JackO

  • Race: Protoss Protoss
  • Spawn Location: 7:00

Event: WCS Valencia 2018

VOD

Have the link to the VOD?

Description

Time

  • Played on: July 12, 2018, 6:56 a.m.
  • Length: 10:49

All games in this series

Show
View Real Time Build Order
Export as new Build Order

Stephano Zerg - Winner!

Build Orders: Hatch First 

Get SALT Encoding   

  12  0:00  Drone  
  13  0:13  Overlord  
  13  0:18  Drone  
  14  0:31  Drone x2  
  16  0:48  Hatchery  
  15  0:50  Drone  
  15  0:54  Drone  
  17  0:57  Drone  
  17  1:00  Extractor  
  17  1:13  Spawning Pool  
  17  1:16  Drone  
  17  1:19  Drone  
  18  1:28  Drone  
  19  1:39  Drone  
  20  1:50  Drone  
  21  2:00  Queen x2  
  21  2:01  Overlord, Zergling x2  
  26  2:06  Metabolic Boost  
  26  2:19  Zergling x4  
  28  2:29  Hatchery  
  27  2:32  Zergling x2  
  27  2:35  Zergling x2  
  27  2:36  Zergling x2  
  30  2:44  Zergling x4  
  30  2:45  Zergling x2  
  33  2:54  Overlord  
  33  3:02  Zergling x2  
  34  3:07  Zergling x4  
  34  3:11  Overlord  
  36  3:13  Zergling x6  
  36  3:19  Zergling x4  
  41  3:25  Zergling x2  
  41  3:26  Zergling x2  
  43  3:32  Queen  
  42  3:37  Zergling x2  
  42  3:38  Zergling x2  
  40  3:51  Zergling x10  
  43  3:56  Drone x2  
  43  4:01  Evolution Chamber  
  43  4:02  Drone  
  42  4:10  Drone x2  
  42  4:13  Drone  
  39  4:25  Drone x5  
  41  4:34  Drone x5  
  44  4:42  Zerg Melee Weapons Level 1  
  43  4:49  Drone x5  
  43  4:52  Spore Crawler  
  45  4:53  Spore Crawler  
  45  4:57  Spore Crawler  
  43  5:00  Drone x2  
  43  5:02  Overlord  
  43  5:05  Zergling x2  
  43  5:06  Zergling x2  
  47  5:10  Zergling x2  
  47  5:11  Zergling x4  
  50  5:15  Zergling x6  
  50  5:19  Queen  
  55  5:23  Zergling x4  
  55  5:26  Drone x2  
  59  5:31  Overlord  
  59  5:40  Drone x7  
  66  5:48  Lair  
  66  5:49  Drone  
  70  5:50  Drone x3  
  70  5:51  Extractor x2  
  70  5:52  Drone  
  70  5:56  Zergling x2  
  70  5:57  Zergling x4  
  72  5:59  Zergling x4  
  74  6:07  Overlord  
  74  6:09  Overlord  
  73  6:12  Overlord  
  73  6:15  Overlord  
  70  6:27  Drone x6  
  70  6:32  Drone x9  
  78  6:40  Drone x2  
  77  6:50  Extractor, Drone x3  
  77  6:51  Hydralisk Den  
  78  6:55  Extractor  
  78  6:56  Extractor  
  78  6:58  Zerg Melee Weapons Level 2  
  78  6:59  Drone x3  
  79  7:04  Hatchery  
  78  7:10  Baneling Nest  
  78  7:13  Zergling x2  
  78  7:14  Zergling x8  
  80  7:25  Muscular Augments  
  80  7:26  Drone x3  
  82  7:30  Overlord  
  82  7:31  Zergling x12  
  88  7:40  Overlord  
  88  7:41  Overlord  
  88  7:44  Hydralisk  
  90  7:55  Hydralisk x7  
  90  7:56  Hydralisk  
  90  7:57  Overlord  
  106  8:03  Centrifical Hooks  
  106  8:04  Baneling  
  106  8:05  Baneling x2  
  106  8:07  Baneling x3  
  106  8:09  Drone x3  
  106  8:10  Hydralisk  
  111  8:14  Hydralisk  
  113  8:20  Hydralisk  
  113  8:21  Hydralisk  
  113  8:23  Zergling x18  
  126  8:30  Hydralisk x3  
  126  8:31  Hydralisk  
  134  8:35  Zergling x2  
  134  8:36  Zergling x2  
  136  8:49  Overlord x4  
  136  8:51  Overlord  
  136  8:53  Overlord  
  136  8:58  Overlord  
  136  9:00  Overlord  
  136  9:09  Hydralisk x8  
  136  9:13  Zergling x2  
  136  9:14  Zergling x10  
  153  9:19  Zergling x12  
  153  9:23  Queen  
  159  9:34  Zergling x14  
  166  9:44  Overlord  
  166  9:50  Zergling x10  
  166  9:51  Zergling x20, Baneling  
  170  10:04  Zergling x8  
  163  10:11  Zergling x14  
  150  10:22  Zergling x8  
Show
View Real Time Build Order
Export as new Build Order

JackO Protoss 

Build Orders: 1 Gate Expand, Oracle Opening, Archon Immortal, Zealot Archon 

Get SALT Encoding   

  12  0:00  Probe  
  13  0:12  Probe  
  14  0:18  Pylon  
  14  0:24  Probe  
  15  0:32  Probe  
  15  0:39  Gateway  
  15  0:41  Probe  
  16  0:49  Assimilator  
  17  0:51  Probe  
  18  1:03  Probe  
  19  1:15  Probe  
  20  1:25  Nexus  
  20  1:35  Cybernetics Core  
  20  1:37  Probe  
  21  1:43  Assimilator  
  21  1:50  Pylon  
  21  1:52  Probe  
  22  2:02  Adept  
  22  2:04  Probe  
  23  2:13  Warp Gate  
  23  2:14  Probe  
  26  2:23  Probe  
  26  2:28  Zealot  
  29  2:31  Stargate, Probe  
  29  2:35  Probe  
  30  2:43  Probe x2  
  33  2:52  Probe  
  33  2:55  Probe  
  35  3:04  Probe  
  35  3:05  Gateway  
  36  3:06  Shield Battery  
  36  3:07  Oracle  
  36  3:10  Adept  
  36  3:11  Probe  
  42  3:27  Pylon  
  42  3:33  Gateway  
  40  3:37  Oracle  
  40  3:39  Gateway  
  39  3:43  Pylon  
  42  3:49  Probe x2  
  44  3:57  Pylon  
  44  4:01  Probe  
  44  4:02  Probe  
  46  4:05  Assimilator  
  46  4:06  Assimilator  
  46  4:14  Probe x2  
  46  4:15  Pylon  
  46  4:16  Adept  
  50  4:23  Oracle  
  50  4:24  Pylon  
  50  4:36  Adept x2  
  50  4:37  Adept  
  55  4:44  Probe  
  55  4:45  Probe  
  54  4:53  Shield Battery, Probe  
  54  4:57  Probe  
  56  5:01  Probe  
  57  5:09  Probe, Void Ray  
  57  5:11  Probe  
  63  5:21  Probe  
  64  5:23  Nexus  
  64  5:26  Pylon  
  64  5:27  Probe  
  65  5:33  Probe  
  66  5:39  Probe  
  67  5:45  Adept x3, Probe  
  74  5:51  Shield Battery  
  74  5:53  Robotics Facility  
  74  5:54  Probe  
  75  6:03  Twilight Council  
  75  6:04  Forge  
  75  6:10  Zealot  
  75  6:11  Sentry, Zealot  
  81  6:29  Probe x2  
  81  6:30  Protoss Ground Weapons Level 1  
  73  6:33  Pylon  
  73  6:34  Shield Battery  
  73  6:35  Charge  
  71  6:41  Probe  
  71  6:44  Observer  
  72  6:47  Probe  
  72  6:48  Probe  
  72  6:53  Probe  
  76  6:55  Probe  
  76  6:58  Templar Archives  
  76  7:00  Probe  
  78  7:03  Probe  
  78  7:04  Assimilator  
  78  7:05  Warp Prism, Probe  
  78  7:07  Gateway  
  80  7:08  Gateway, Assimilator  
  80  7:12  Probe  
  80  7:14  Probe  
  86  7:16  Shield Battery  
  86  7:18  Probe  
  85  7:24  Probe  
  85  7:26  Probe  
  87  7:30  Gateway, Probe  
  87  7:31  Gateway  
  87  7:33  Gateway  
  87  7:36  Probe  
  89  7:37  Zealot, High Templar x2  
  89  7:38  Probe  
  89  7:42  Probe  
  89  7:43  Archon  
  97  7:50  Probe x2  
  103  7:58  Robotics Facility  
  103  8:03  Pylon x3  
  103  8:04  Zealot  
  101  8:08  Psionic Storm  
  101  8:10  Pylon  
  101  8:14  Pylon  
  101  8:19  Pylon  
  101  8:20  Immortal  
  101  8:22  Zealot x2  
  101  8:23  Zealot x2, Protoss Ground Weapons Level 2  
  112  8:27  Zealot  
  114  8:38  Immortal  
  114  8:39  High Templar  
  114  8:40  Zealot, High Templar  
  120  8:44  Archon  
  120  8:48  Probe x2  
  117  8:50  High Templar x2  
  117  8:53  Zealot x3  
  117  8:55  Probe  
  128  9:00  Probe x2  
  130  9:11  Immortal  
  130  9:20  Immortal  
  130  9:22  Nexus  
  130  9:23  Pylon  
  130  9:24  High Templar  
  136  9:25  Pylon  
  136  9:27  High Templar  
  136  9:29  High Templar  
  136  9:31  Photon Cannon  
  140  9:35  Pylon  
  140  9:37  Photon Cannon  
  140  9:39  Photon Cannon  
  140  9:40  Photon Cannon  
  140  9:42  Shield Battery  
  140  9:43  High Templar  
  140  9:45  Photon Cannon  
  142  9:47  Photon Cannon  
  142  9:50  Photon Cannon  
  142  9:52  Probe  
  143  9:53  Probe  
  139  10:03  Archon  
  139  10:05  Zealot x7  
  109  10:16  Zealot x8  
  96  10:36  Zealot x6  
  96  10:37  Zealot x2  
Tags
 
Add a new tag
Caveats
  • Supply blocks, unpowered buildings, or Contaminate may cause inaccurate times.
  • Supply counts are checked every 10 seconds.